[Event "European Team Chess Championships 2023"]
[Site "Budva, Montenegro"]
[Date "2023.11.15"]
[Round "5"]
[White "Tsolakidou, Stavroula"]
[Black "Buksa, Nataliya"]
[Result "1-0"]
[WhiteElo "2389"]
[BlackElo "2377"]
[ECO "B33"]
[EventDate "2023.??.??"]
[Annotator "rafael"]
[PlyCount "71"]
[Beauty "7976831954512"]
[EventType "team-tourn"]
[EventCountry "YUG"]
[TimeControl "40/5400+30:1800+30"]

1.e4 c5 2.Nf3 Nc6 3.d4 cxd4 4.Nxd4 Nf6 5.Nc3 e5 6.Ndb5 d6 7.Nd5 {A move that became popular after being used by Caruana in the match against Carlsen, in 2018. It leads to an unbalanced pawn structure and dynamic positions.} 7...Nxd5 8.exd5 Ne7 {Currently 8...Nb8 is more popular, but the move played in the game has been chosen several times by Carlsen.} ( 8...Nb8 ) 9.c4 Ng6 10.Qa4 Bd7 11.Qb4 {This is all well-established theory. Now, Black has a choice.} 11...Bf5 ( 11...Qb8 {is played more often. The game can continue:} 12.h4 h5 13.Be3 a6 14.Nc3 Be7 15.Na4 $1 {[%c_effect a4;square;a4;type;GreatFind;persistent;true] with better chances for White, if you know what to do later.} ( 15.g3 {is not accurate:} 15...O-O 16.Be2 b5 {Black had good counterplay in Karjakin-Carlsen, Norway Chess Stavanger 2021.} ) ) 12.Qa4 Bd7 13.Qb4 Bf5 14.h4 $1 {[%c_effect h4;square;h4;type;GreatFind;persistent;true] Of course, White is not interested in a draw so early, especially in a team tournament.} 14...h5 {Black avoids h4-h5.} 15.Bg5 Qb8 16.Be2 ( 16.Qa4 $5 {[%c_effect a4;square;a4;type;Interesting;persistent;true] was tried by Caruana. When preparing openings, a good rule of thumb is: \"If Caruana played it, I should play it too.\"} 16...Bd7 17.Qc2 Bxb5 18.cxb5 Be7 19.Bd3 {with some initiative for White in Caruana-Carlsen, Grenke Chess Classic 2019.} ) 16...a6 17.Nc3 Qc7 18.g3 Be7 19.Be3 e4 $1 {[%c_effect e4;square;e4;type;GreatFind;persistent;true] Freeing the e5-square for the knight. I think White should try to improve at this point.} 20.O-O ( 20.Qb6 {gives nothing:} 20...Qd7 21.c5 dxc5 22.Bxc5 O-O {with a good position for Black.} ) ( 20.Qa4+ {is critical and better than the move played in the game.} 20...Bd7 ( 20...Kf8 {is possible as well, but not desirable.} ) 21.Qd1 O-O 22.Nxe4 Rfe8 {Black has compensation, but White can study this: Pranesh-Lagunow, World-chT Rapid Dusseldorf 2023.} ) 20...O-O ( 20...Ne5 {is natural, but White can fight for the advantage with the typical} 21.Qa4+ $1 Bd7 22.Qd1 ) 21.Bxh5 Ne5 {All of this has already been played before in a very important elite game, but I have the feeling (judging by the time spent) that the players didn't remember this game well.} 22.Bd4 {A new move.} ( 22.Be2 Qd7 {Black has excellent compensation and won a great game in Karjakin-Carlsen, Gashimov Memorial Shamkir 2019.} ) 22...Nd3 $5 {[%c_effect d3;square;d3;type;Interesting;persistent;true] Black has so many interesting options that it's hard to choose just one. The move played is certainly very interesting.} ( 22...Nxc4 $2 {[%c_effect c4;square;c4;type;Mistake;persistent;true] Taking the c4-pawn is bad, in both versions.} 23.Rac1 {with an unpleasant pin.} ) ( 22...Qxc4 $6 23.Qxc4 Nxc4 24.Rfe1 {with the better endgame for White.} ) ( 22...Nf3+ $2 {[%c_effect f3;square;f3;type;Mistake;persistent;true] This is premature, although we will see this idea in a better version later on.} 23.Bxf3 exf3 24.Rfe1 $1 {[%c_effect e1;square;e1;type;GreatFind;persistent;true] Followed by Re3. Black does not have time to bring the queen to h3.} ) ( 22...Rac8 {is natural, reinforcing the pressure on c4.} 23.Bxe5 dxe5 24.Qb3 Qxc4 ( 24...Bc5 {is also possible.} ) 25.Qxb7 Qc5 {with a balanced position.} ) ( 22...Bf6 {is solid and gives good compensation for the pawn after} 23.Be2 Rac8 ) ( 22...Bg6 $1 {[%c_effect g6;square;g6;type;GreatFind;persistent;true] This creative move is my favorite. It's a very subtle choice.} 23.Bxg6 ( 23.Be2 Nf3+ $1 24.Bxf3 exf3 {This is a much better version for Black, since the queen is coming quickly to the kingside after ...Qd7.} ) 23...Nf3+ $1 24.Kg2 fxg6 25.Be3 Qd7 {with excellent attacking chances on the light squares.} ) 23.Qb3 Bxh4 $5 {[%c_effect h4;square;h4;type;Interesting;persistent;true] A good piece sacrifice.} ( 23...Rac8 {is possible. Now, White must find the precise} 24.Nd1 $1 Bh3 ( 24...Qxc4 $2 {[%c_effect c4;square;c4;type;Mistake;persistent;true] loses material after} 25.Qxc4 Rxc4 26.Ne3 Rxd4 27.Nxf5 ) 25.Ne3 Bxf1 26.Rxf1 {with good compensation for the exchange.} ) 24.gxh4 {The position becomes extremely complicated. White is not forced to accept the gift on h4.} ( 24.Be2 {is natural, with complicated play after} 24...Qe7 ) ( 24.Nxe4 $5 {[%c_effect e4;square;e4;type;Interesting;persistent;true] An interesting hidden resource.} 24...Bxe4 25.Be2 {White regains the piece.} 25...Nf4 ( 25...Nc5 {is also good enough for equality after} 26.Bxc5 dxc5 27.gxh4 Qe7 28.Qg3 Bxd5 $1 29.cxd5 Qxe2 ) 26.gxf4 Qd7 {with chances for both sides.} ) ( 24.f3 $5 {[%c_effect f3;square;f3;type;Interesting;persistent;true] This likely poses the most difficult problems for Black.} 24...e3 $1 {[%c_effect e3;square;e3;type;GreatFind;persistent;true] The best option.} ( 24...Bxg3 $2 25.fxe4 {is much better for White.} ) 25.gxh4 Qe7 $1 {[%c_effect e7;square;e7;type;GreatFind;persistent;true] The game peters out to a draw by perpetual check after} 26.Ne4 Bxe4 27.fxe4 Qxh4 28.Qxd3 Qg3+ 29.Kh1 Qh3+ ) 24...Qe7 {This is the point of the sacrifice. The pawn on h4 will be captured, and the queen, knight, and bishop create dangerous threats against White's king.} 25.Ne2 $1 {[%c_effect e2;square;e2;type;GreatFind;persistent;true] The knight must come to the king's rescue.} 25...Qxh4 26.Ng3 {We arrive at the critical moment of the game.} 26...Nf4 $2 {[%c_effect f4;square;f4;type;Mistake;persistent;true] This move meets a beautiful refutation. Black has several alternatives.} ( 26...Qh3 $5 27.Rfe1 ( 27.Nxf5 Qxh5 28.Ng3 Qh3 29.Nxe4 f5 $1 {[%c_effect f5;square;f5;type;GreatFind;persistent;true] with good attacking chances in this chaotic position.} ) 27...Nf4 28.Bf3 $1 {[%c_effect f3;square;f3;type;GreatFind;persistent;true] The only way to defend mate.} 28...exf3 29.Qxf3 g5 {with equal play.} ) ( 26...Rae8 {Black can simply bring the rook to the game. White must do the same, and the position requires a lot of analysis to be understood. The computer thinks it's equal.} 27.Rfe1 $1 ) ( 26...Bd7 {This looks less precise than the other bishop move, although it's also possible.} ) ( 26...Bh7 $1 {[%c_effect h7;square;h7;type;GreatFind;persistent;true] This strikes me as the most human choice. The bishop is not attacked anymore, and the path is cleared for a pawn push with ...f5.} 27.Rfe1 ( 27.Be2 Rae8 $1 {[%c_effect e8;square;e8;type;GreatFind;persistent;true] with the initiative.} ( 27...Nf4 {is not so good after} 28.Be3 ) ) 27...Nf4 28.Be2 Nh3+ 29.Kg2 Nf4+ {with perpetual check.} ) 27.Nxf5 $1 Qxh5 28.Qg3 $3 {[%c_effect g3;square;g3;type;Brilliant;persistent;true][%c_arrow b3g3;keyPressed;none;from;b3;opacity;0.8;to;g3;persistent;false] This brilliant move certainly was missed by Buksa. White is winning.} 28...Ne2+ 29.Kg2 Nxg3 30.Ne7+ Kh7 31.fxg3 {The idea becomes clear: Black cannot prevent 32.Rh1.} 31...Kh6 ( 31...Qe2+ {doesn't help:} 32.Rf2 ) 32.Rh1 Qxh1+ 33.Rxh1+ Kg5 34.Bxg7 {White is ahead in material, and the attack continues.} 34...Rfe8 35.Rf1 $1 {[%c_effect f1;square;f1;type;GreatFind;persistent;true] A nice final touch.} 35...e3 ( 35...Rxe7 36.Bf6+ ) 36.Bf6+ ( 36.Bf6+ Kh5 37.Rh1+ Kg4 38.Rh4# ) 1-0

[Event "European Team Chess Championships 2023"]
[Site "Budva, Montenegro"]
[Date "2023.11.18"]
[Round "6"]
[White "Theodorou, Nikolas"]
[Black "Radjabov, Teimour"]
[Result "1-0"]
[WhiteElo "2619"]
[BlackElo "2745"]
[ECO "C43"]
[EventDate "2023.??.??"]
[Annotator "rafael"]
[PlyCount "37"]
[Beauty "8250099255327"]
[EventType "team-tourn"]
[EventCountry "YUG"]
[TimeControl "40/5400+30:1800+30"]

1.e4 e5 2.Nf3 Nf6 3.d4 Nxe4 4.dxe5 Bc5 ( 4...d5 {is a more solid choice, but there's nothing wrong with the move played by Radjabov in case you like adventures and have a very good memory.} ) 5.Bc4 $1 {[%c_effect c4;square;c4;type;GreatFind;persistent;true] The most dangerous move, although 7.Qd5 is also possible.} ( 5.Qd5 Bxf2+ 6.Ke2 f5 $1 {[%c_effect f5;square;f5;type;GreatFind;persistent;true] Black is able to defend both pieces due to this tactical resource.} 7.Nc3 $1 ( 7.exf6 {is not dangerous:} 7...Nxf6 8.Qe5+ Kf7 {Black is fine, since the bishop cannot be captured due to a knight fork on g4.} ( {or} 8...Kf8 ) ) 7...c6 $1 ( 7...Bb6 8.Nxe4 fxe4 9.Qxe4 {With the initiative.} ) 8.Nxe4 $5 cxd5 9.Nd6+ Kf8 10.Kxf2 {With a very complicated position.} ) 5...Nxf2 6.Bxf7+ ( 6.Qd5 Qe7 {defends everything.} ) 6...Kxf7 ( 6...Kf8 $2 {[%c_effect f8;square;f8;type;Mistake;persistent;true] is inaccurate:} 7.Qd5 Nxh1 8.Bh5 $1 Qe7 9.Bg5 Bf2+ 10.Ke2 Qe6 11.Nc3 {with the better position for White. The h1-knight will be captured and the attack persists.} ) 7.Qd5+ Kg6 8.Qxc5 Nxh1 9.Nc3 {A strange position, which has already been debated in some important games. At the moment, Black has an extra rook, but the knight on h1 will be captured at some point and the king is in danger. As normally happens, the advantages are equivalent and the position is equal.} 9...h6 {Giving a much-needed square for the king on h7.} 10.Nd5 $5 {[%c_effect d5;square;d5;type;Interesting;persistent;true] A fresh idea, although not a novelty.} ( 10.Qc4 {White usually plays this move first.} 10...Kh7 11.Nd5 ( 11.Qe4+ Kg8 12.Qd5+ {is a perpetual check.} ) 11...Re8 {Black has demonstrated in some games that his position is viable.} ) 10...Re8 {A new move.} ( 10...Kh7 {This is the first move that should be analyzed. White can transpose to theory after 11.Qc4, but can try a new idea as well:} 11.Bxh6 $5 {[%c_effect h6;square;h6;type;Interesting;persistent;true] Now Black has to walk a very narrow path to escape.} ( 11.Qc4 Re8 ) 11...gxh6 ( 11...Kxh6 $2 12.O-O-O {with a winning attack.} ) 12.Nf6+ Kg7 13.Nh5+ Kg6 $1 {[%c_effect g6;square;g6;type;GreatFind;persistent;true] White has some dangerous attempts now.} ( 13...Kh7 $2 {[%c_effect h7;square;h7;type;Mistake;persistent;true] loses after} 14.Qd5 Qe7 15.Qe4+ Kg8 16.O-O-O ) 14.e6 $5 ( 14.Qd5 Qe7 15.Qe4+ Kf7 ( 15...Kxh5 $2 16.g4# ) 16.Qf4+ Kg8 {with no more than a draw for White.} ) 14...dxe6 15.Qe5 Rg8 16.Rd1 Qf8 $1 ( 16...Qe7 $2 17.Rd4 {wins for White after} 17...Nc6 18.Rg4+ Kh7 19.Qe4+ Kh8 20.Rxg8+ Kxg8 21.Qg6+ ) 17.Rd4 Nc6 18.Rg4+ Kh7 ( 18...Kf7 $2 19.Qxc7+ ) 19.Nf6+ Qxf6 20.Qxf6 Rxg4 21.Qf7+ Rg7 22.Ng5+ hxg5 23.Qh5+ Kg8 24.Qe8+ {with perpetual check.} ) ( 10...d6 {is possible, but again Black must be very accurate.} 11.Qc4 c6 $1 ( 11...Kh7 $4 12.Nf6+ gxf6 13.Qf7# ) 12.Nf4+ Kh7 13.Qd3+ Kg8 14.exd6 Na6 15.Qc4+ Kh7 {with a draw in Volodarsky-Boehnke, EU-ch 2017 ICCF email.} ) 11.Qd4 Kh7 {The king must run for shelter.} 12.Bxh6 $1 {[%c_effect h6;square;h6;type;GreatFind;persistent;true][%c_arrow c1h6;keyPressed;none;from;c1;opacity;0.8;to;h6;persistent;false] There's only one saving move now.} 12...gxh6 $2 ( 12...Kxh6 $2 {[%c_effect h6;square;h6;type;Mistake;persistent;true] White has many ways of winning against this move.} 13.Qe3+ {The most accurate.} ( 13.O-O-O {is also good.} ) ( 13.Qf4+ g5 14.Qf7 Rf8 15.Nxg5 $1 {[%c_effect g5;square;g5;type;GreatFind;persistent;true] is winning as well.} ) 13...g5 ( 13...Kh7 14.Ng5+ Kg8 15.Qf4 {With a decisive attack.} ) 14.h4 {Black's material advantage doesn't count; the pieces are still in their initial positions.} ) ( 12...Nc6 $1 {[%c_effect c6;square;c6;type;GreatFind;persistent;true] is necessary, with a forced draw.} 13.Qf4 $1 Rf8 $1 ( 13...gxh6 $2 {[%c_effect h6;square;h6;type;Mistake;persistent;true] loses to} 14.Nf6+ ) 14.Qg4 $1 gxh6 ( 14...Kxh6 {is also a draw:} 15.Qh3+ Kg6 16.Qg4+ Kh6 ) 15.Qe4+ Kg7 ( 15...Kh8 $2 16.Qg6 ) 16.Qg4+ {with perpetual check.} ) 13.O-O-O $1 {[%c_effect c1;square;c1;type;GreatFind;persistent;true] White is ready to put the knight on f6. Theodorou was certainly still in preparation, but the game is already over.} 13...Re6 ( 13...Nc6 14.Qe4+ Kg7 15.Qg4+ Kh8 16.Qg6 Re7 17.Ng5 $1 hxg5 18.Nf6 Qf8 19.Qh5+ Kg7 20.Qh7# {A pretty finish.} ) 14.Nf6+ Kh8 15.Nh4 {Black is helpless against the combined attack of the queen and two knights.} 15...d6 16.Qf4 Kg7 17.Qg4+ Kh8 18.Ng6+ Kg7 19.Nf8+ ( 19.Nf8+ Kxf8 20.Qg8+ Ke7 21.Qg7# ) 1-0

[Event "European Team Chess Championships 2023"]
[Site "Budva, Montenegro"]
[Date "2023.11.19"]
[Round "8"]
[White "Carlsen, Magnus"]
[Black "Van Foreest, Jorden"]
[Result "1-0"]
[WhiteElo "2829"]
[BlackElo "2700"]
[ECO "C67"]
[EventDate "2023.??.??"]
[Annotator "rafael"]
[PlyCount "111"]
[Beauty "6666862989321"]
[EventType "team-tourn"]
[EventCountry "YUG"]
[TimeControl "40/5400+30:1800+30"]

1.e4 e5 2.Nf3 Nc6 3.Bb5 Nf6 4.O-O Nxe4 5.Re1 Nd6 6.a4 {Carlsen has many small weapons he successfully employs to create practical problems against the solid Berlin Defense.} 6...Be7 7.Nc3 a6 8.Bf1 e4 $1 {[%c_effect e4;square;e4;type;GreatFind;persistent;true] Considered by opening theory the best way to equalize.} 9.Nxe4 Nxe4 10.Rxe4 d5 11.Re1 d4 {Another good move, gaining space in the center.} ( 11...O-O 12.d4 {Here White can fight for a small advantage.} ) ( 11...Bg4 {is also considered good enough for equality.} ) 12.Bd3 $1 {[%c_effect d3;square;d3;type;GreatFind;persistent;true] A clever way to improve the bishop's position.} 12...Be6 13.Be4 Bd5 14.d3 O-O 15.Bf4 {Among the many things that Carlsen masters, the ones that cause me the greatest admiration are knowing how to take the game to positions that are equal but not drawn and knowing in which of these positions he can put pressure on the opponent. This is a textbook example. No one can disagree that the position is equal at the moment.} 15...Bb4 16.Re2 Rc8 {Defending the c-pawn. This move is a novelty.} ( 16...Bxe4 {is simple and good. For example:} 17.dxe4 ( 17.Rxe4 Qd7 ) 17...Qe7 {with equality in Dudley-Annoni, W-ch email ICCF 2022.} ) 17.Bd2 $1 {[%c_effect d2;square;d2;type;GreatFind;persistent;true] Necessary to develop the queen and double heavy pieces on the e-file.} 17...Be7 18.Qe1 ( 18.Qf1 {is also possible, with the idea of playing Rae1.} ) 18...Bxe4 19.Rxe4 f5 $6 {[%c_effect f5;square;f5;type;Inaccuracy;persistent;true] This pawn advance is questionable since there's no need to weaken the position.} ( 19...Qd7 {is better. Maybe Van Foreest was worried about the tactical possibility of Nxd4, here or later, but Black has enough resources.} 20.b4 ( 20.Nxd4 Nxd4 21.Rxe7 Qd6 {is similar to the main line,} ) 20...b5 $1 {[%c_effect b5;square;b5;type;GreatFind;persistent;true] Avoiding b4-b5.} 21.axb5 axb5 22.Nxd4 Nxd4 23.Rxe7 Qd6 $1 {[%c_effect d6;square;d6;type;GreatFind;persistent;true] This is the idea. Black threatens the c2-pawn and also ...Ne6, winning the exchange.} 24.Qe5 Qxe5 25.Rxe5 Nxc2 {with an equal endgame.} ) 20.Re2 Bf6 21.b4 $1 {[%c_effect b4;square;b4;type;GreatFind;persistent;true] Preparing the unpleasant b4-b5.} 21...Qd5 22.h4 $6 {[%c_effect h4;square;h4;type;Inaccuracy;persistent;true] A classic move, gaining space on the kingside. However, there is an even more accurate move.} ( 22.Bg5 $1 {[%c_effect g5;square;g5;type;GreatFind;persistent;true] The exchange of bishops weakens Black's position. After} 22...h6 23.Bxf6 Rxf6 24.h4 $1 {[%c_effect h4;square;h4;type;GreatFind;persistent;true] The position is more difficult to defend, as the e5- and e7-squares have become more vulnerable.} ) 22...h6 $1 {[%c_effect h6;square;h6;type;GreatFind;persistent;true] Avoiding the bishop exchange.} 23.Bf4 Kh7 24.Qd2 Rfe8 {A move that has a tactical idea to recover the pawn that is sacrificed on c7.} ( 24...Rf7 {is a good defense, since doubling rooks on the e-file is not dangerous after} 25.Rae1 $6 Be7 $1 ) 25.Rxe8 Rxe8 26.Bxc7 Be7 $1 {[%c_effect e7;square;e7;type;GreatFind;persistent;true] This is Black's idea.} 27.b5 ( 27.Rb1 Qa2 $1 {[%c_effect a2;square;a2;type;GreatFind;persistent;true] followed by the capture of the a4-pawn.} ) 27...axb5 28.axb5 Qxb5 29.Qf4 Bf6 30.h5 {White still maintains some pressure, as Black potentially has three weaknesses: the f5-, d4-, and b7-pawns. However, it's not easy to exploit them.} 30...Kg8 ( 30...Qd5 {is also possible.} ) 31.Qd6 {Considering the difficult move that Black could have played, which I'll discuss next, we can understand that the machine's move 31.Qc1 is more accurate, with the idea of exchanging queens after Qb1 and pressing in a similar way to what we will see later in the game.} ( 31.Qc1 $1 ) 31...f4 $6 ( 31...Ne5 $1 {[%c_effect e5;square;e5;type;GreatFind;persistent;true] This is a very strong defensive move, likely leading to a draw after} 32.Nxd4 Qb2 33.Rf1 Qxd4 $1 34.Qxd4 Nf3+ 35.gxf3 Bxd4 {White is a pawn up, but Black is very active.} ) 32.Qd7 $1 Qxh5 33.Bxf4 Qf7 34.Qxf7+ ( 34.Qg4 {can also be considered, keeping the queens on the board. But it's hard to disagree with Carlsen's choice.} ) 34...Kxf7 35.Rb1 {I have said and written many times that, to me, Carlsen seems to be a modern version of Karpov. He is also an intuitive player but with even better calculation. The most striking quality, and the one that unites these very similar players, is the ability to win endgames easily, making their opponents wonder where they went wrong.} 35...Re7 36.Kf1 ( 36.g4 {is more accurate, preventing the advance of Black's pawns.} ) 36...g5 37.Bh2 Rd7 $6 ( 37...h5 $1 {[%c_effect h5;square;h5;type;GreatFind;persistent;true] It's essential to avoid White's next move.} 38.Nd2 Rd7 39.Ne4 Be7 {with a difficult but defensible position.} ) 38.g4 $1 {[%c_effect g4;square;g4;type;GreatFind;persistent;true] Fixing the pawns on the same color as the bishop. To circumvent this, Black will have to play h6-h5, creating an additional weakness.} 38...Kg6 39.Rb5 h5 40.gxh5+ Kxh5 41.Kg2 Kg6 42.Nd2 $1 {[%c_effect d2;square;d2;type;GreatFind;persistent;true] The knight prepares to go to c4 or e4.} 42...Na7 $6 ( 42...Ne7 $1 {[%c_effect e7;square;e7;type;GreatFind;persistent;true] gives Black more chances to defend.} 43.Ne4 Nd5 ) 43.Rb2 Nc6 44.Nc4 g4 45.Rb5 Re7 46.Bd6 Rh7 47.Nd2 $1 {[%c_effect d2;square;d2;type;GreatFind;persistent;true] A calm, \"Karpovian\" move. The knight changes direction.} 47...Na7 48.Rb1 Kf5 49.Ne4 Be5 $6 {[%c_effect e5;square;e5;type;Inaccuracy;persistent;true] As usually happened against Karpov and now against Carlsen, the opponent breaks under pressure. The position is already very difficult.} ( 49...Bd8 ) 50.Bxe5 Kxe5 51.Kg3 {The g4-pawn is doomed, but the other pawns are weak as well.} 51...Rg7 52.Rb6 Rc7 53.Kxg4 Rf7 54.f3 Rf4+ 55.Kg3 Rf7 56.f4+ {The final touch. Black either loses material or is mated. This game is a masterpiece that rewards repeated analysis.} ( 56.f4+ Rxf4 ( 56...Kd5 57.Rd6# ) ( 56...Kf5 57.Nd6+ ) 57.Rxb7 ) 1-0